 Dungeon Crawl Stone Soup version 0.21.0-3-g78d12a8 (webtiles) character file.

255 myopia the Cutter (level 5, 0/25 HPs)
             Began as a Spriggan Assassin on Jan 10, 2018.
             Blown up by Ijyb (19 damage)
             ... with a wand of disintegration (3)
             ... on level 3 of the Dungeon.
             The game lasted 00:10:11 (1971 turns).

myopia the Cutter (Spriggan Assassin)               Turns: 1971, Time: 00:10:12

Health: 0/25       AC:  4    Str:  7    XL:     5   Next: 91%
Magic:  6/6        EV: 17    Int: 12    God:
Gold:   159        SH:  0    Dex: 24    Spells: 4/4 levels left

rFire    . . .     SeeInvis +   b - +0 blowgun
rCold    . . .     Gourm    .   (shield restricted)
rNeg     . . .     Faith    .   c - +0 robe
rPois    .         Spirit   .   (helmet restricted)
rElec    .         Reflect  .   d - +1 cloak
rCorr    .         Harm     .   (gloves unavailable)
MR       +....                  (boots unavailable)
Stlth    ++++......             (no amulet)
HPRegen  0.08/turn              s - +5 ring of dexterity
MPRegen  0.10/turn              t - ring of protection from magic

@: very quick
A: very small, unfitting armour, see invisible, herbivore, speed 3, slow
metabolism 2
a: no special abilities


You were on level 3 of the Dungeon.
You were not hungry.

You visited 1 branch of the dungeon, and saw 3 of its levels.

You collected 159 gold pieces.

Inventory:

Hand Weapons
 a - a +3 dagger
 b - a +0 blowgun (weapon)
 e - a +2 antimagic flail
Missiles
 f - 2 curare-tipped needles
 h - 27 bolts
 v - a poisoned needle (quivered)
Armour
 c - a +0 robe (worn)
 d - a +1 cloak (worn)
Jewellery
 s - a +5 ring of dexterity (left hand)
 t - a ring of protection from magic (right hand)
Scrolls
 j - a scroll of remove curse {unknown}
 p - a scroll of identify
Potions
 i - a potion of haste
 k - a potion of might
 n - a potion of invisibility {unknown}
 q - 2 potions of lignification
 w - a potion of flight
 x - a potion of magic {unknown}
Comestibles
 g - 2 rations


   Skills:
 - Level 1.5 Fighting
 + Level 6.8 Short Blades
 - Level 2.0 Throwing
 - Level 1.5 Dodging
 - Level 6.0 Stealth


You had 4 spell levels left.
You didn't know any spells.

Dungeon Overview and Level Annotations

Branches:
Dungeon (3/15)

Altars:

Annotations:
D:3 Ijyb


Innate Abilities, Weirdness & Mutations

You are very small and have problems with some larger weapons.
You are too small for most types of armour.
You have supernaturally acute eyesight. (SInv)
You are a herbivore.
You cover ground extremely quickly.
You need consume almost no food.


Message History

Aim: Ijyb, wearing a leather armour and carrying a wand of disintegration (3) (moderately wounded)
You shoot a poisoned needle.
The poisoned needle hits the leopard gecko.
The leopard gecko looks even sicker.
The leopard gecko is heavily wounded.
The leopard gecko bites you but does no damage.
You kill the leopard gecko!
Firing (i - inventory. (,) - cycle):
v - 3 poisoned needles (quivered)
Press: ? - help, Shift-Dir - straight line, f/p - Ijyb
Aim: Ijyb, wearing a leather armour and carrying a wand of disintegration (3) (moderately wounded)
You shoot a poisoned needle.
The poisoned needle closely misses Ijyb.
Firing (i - inventory. (,) - cycle):
v - 2 poisoned needles (quivered)
Press: ? - help, Shift-Dir - straight line, f/p - Ijyb
Aim: Ijyb, wearing a leather armour and carrying a wand of disintegration (3) (moderately wounded)
You shoot a poisoned needle. The poisoned needle hits Ijyb.
Ijyb is poisoned.
Ijyb is moderately wounded.
Ijyb zaps a wand.
You are blasted!
Ouch! That really hurt!
You die...

#(....#..#..#### ##
#.....##.#......
#<##+#####.(...#<)...##
#..............#...#.#
#.........#..........#
#.....##.#..(###.#<.#
#........#g..# #....#
#............# ##.#.#
#......@.†..## #.#>#
#....##.....# #.###
####....##.....# #.#
#### #.......##.....#
#.###...
###.######.....#
#...#... #...# #######
###.#... #.### #.#...
#.# #.#...
#.##################
#.'...


You could see Ijyb.

Vanquished Creatures
  Sigmund (D:2)
  An adder (D:2)
  2 oozes (D:2)
  2 dart slugs
  A leopard gecko (D:3)
  5 orcs
  4 ball pythons
  5 bats
  5 giant cockroaches
  8 goblins
  2 hobgoblins (D:1)
  8 jackals
  3 frilled lizards
  2 kobolds (D:2)
  8 rats
57 creatures vanquished.

Notes
Turn   | Place    | Note
-------+----------+-------------------------------------------
     0 | D:1      | myopia the Spriggan Assassin began the quest for the Orb.
     0 | D:1      | Reached XP level 1. HP: 10/10 MP: 2/2
   119 | D:1      | Reached XP level 2. HP: 10/14 MP: 3/3
   648 | D:1      | Reached XP level 3. HP: 18/18 MP: 4/4
  1014 | D:2      | Noticed Sigmund
  1029 | D:2      | Killed Sigmund
  1029 | D:2      | Reached XP level 4. HP: 20/22 MP: 5/5
  1029 | D:2      | Reached XP level 5. HP: 23/25 MP: 6/6
  1940 | D:3      | Noticed Ijyb
  1971 | D:3      | Blown up by Ijyb

Skill      XL: |  1  2  3 |
---------------+----------+-----
Short Blades   | 3 6 |  6.8
Stealth        | 6 |  6.0
Fighting       | |  1.5
Throwing       | |  2.0
Dodging        | |  1.5

Action                   |  1- 3 |  4- 6 || total
-------------------------+-------+-------++-------
Melee: Dagger            |   127 |    44 ||   171
 Fire: Blowgun           |    19 |     6 ||    25
  Use: Scroll            |       |     7 ||     7
       Potion            |       |     4 ||     4
 Stab: Sleeping          |    10 |     6 ||    16
       Distracted        |     1 |       ||     1
Armor: Robe              |    18 |     3 ||    21
Dodge: Dodged            |   103 |    13 ||   116
